Map: [ESL] Data-C

Players

soO

  • Race: Zerg Zerg
  • Spawn Location: 3:00

trigger - Winner!

  • Race: Protoss Protoss
  • League: Grandmaster
  • Spawn Location: 9:00

Event: HomeStory Cup XXII

VOD

Have the link to the VOD?

Description

Time

  • Played on: Dec. 16, 2022, 3:44 p.m.
  • Length: 8:29

All games in this series

Show
View Real Time Build Order
Export as new Build Order

soO Zerg 

Build Orders: Hatch First 

Get SALT Encoding   

  12  0:00  Drone  
  13  0:11  Overlord  
  13  0:16  Drone  
  14  0:30  Drone x2  
  16  0:48  Hatchery  
  15  0:52  Drone  
  15  0:55  Drone  
  17  0:58  Drone  
  18  1:10  Extractor  
  17  1:14  Spawning Pool  
  17  1:17  Drone  
  17  1:21  Drone  
  18  1:27  Drone  
  19  1:38  Drone  
  20  1:48  Overlord  
  20  2:00  Queen x2  
  20  2:01  Zergling x4  
  26  2:10  Drone x2  
  26  2:13  Metabolic Boost  
  28  2:20  Drone  
  28  2:21  Drone  
  30  2:36  Hatchery  
  30  2:37  Drone  
  30  2:43  Drone  
  31  2:45  Queen  
  33  2:53  Overlord  
  33  2:54  Drone  
  33  2:55  Drone  
  35  2:59  Drone  
  36  3:11  Queen  
  38  3:14  Drone x2  
  38  3:16  Drone, Overlord  
  41  3:20  Drone  
  41  3:22  Queen  
  44  3:30  Overlord  
  44  3:35  Zergling x6  
  44  3:36  Drone  
  44  3:39  Drone  
  44  3:40  Drone  
  44  3:41  Drone  
  51  3:46  Drone  
  51  3:47  Queen  
  54  3:49  Drone  
  54  3:55  Spore Crawler  
  53  3:56  Spore Crawler  
  53  3:57  Drone  
  53  3:58  Drone  
  53  4:01  Drone  
  52  4:04  Drone x3  
  57  4:11  Drone  
  57  4:15  Overlord  
  58  4:19  Drone x2  
  58  4:20  Spore Crawler, Drone  
  58  4:21  Drone x2  
  58  4:22  Drone  
  63  4:28  Drone x2  
  63  4:30  Drone  
  63  4:32  Overlord  
  63  4:34  Drone x2  
  63  4:36  Drone  
  66  4:42  Drone, Overlord  
  66  4:44  Drone  
  66  4:45  Evolution Chamber  
  67  4:53  Drone  
  67  4:57  Spore Crawler  
  67  4:59  Spore Crawler, Drone  
  67  5:02  Zergling x6, Hatchery  
  67  5:05  Drone  
  68  5:09  Drone x2  
  68  5:16  Drone x4  
  68  5:19  Drone  
  72  5:23  Zerg Melee Weapons Level 1  
  72  5:27  Drone x2  
  74  5:31  Drone x6  
  74  5:34  Drone  
  74  5:35  Drone x2  
  81  5:37  Drone  
  81  5:41  Lair  
  82  5:44  Extractor  
  82  5:46  Extractor  
  82  5:47  Drone x2  
  82  5:50  Drone x2  
  82  5:52  Extractor  
  82  5:55  Extractor  
  82  6:02  Zergling x16  
  82  6:03  Overlord  
  90  6:10  Overlord  
  90  6:13  Queen, Overlord  
  90  6:17  Drone x2  
  94  6:22  Drone x3  
  94  6:24  Drone x3  
  100  6:26  Drone x4  
  104  6:34  Hatchery  
  104  6:38  Zergling x14  
  110  6:41  Spore Crawler, Hydralisk Den  
  108  6:47  Zergling x4  
  108  6:50  Baneling Nest, Drone  
  108  6:51  Zergling x4  
  108  6:53  Overlord x2  
  112  6:54  Overlord  
  112  7:00  Overlord  
  111  7:02  Overlord  
  111  7:07  Overlord  
  111  7:08  Overlord  
  111  7:10  Hydralisk Den  
  111  7:12  Hydralisk x5  
  111  7:13  Zergling x4  
  111  7:15  Grooved Spines  
  123  7:17  Zergling x6  
  123  7:21  Overseer  
  120  7:26  Hydralisk  
  120  7:27  Zergling x2, Hydralisk x4  
  129  7:33  Zergling x4  
  124  7:46  Zergling x20, Hydralisk  
  124  7:48  Zergling x6  
  124  7:49  Zergling x2  
  124  7:50  Zergling x2  
  124  7:51  Zergling x4  
  124  7:57  Zergling x10  
  118  8:01  Zergling x4  
  118  8:02  Zergling x2  
Show
View Real Time Build Order
Export as new Build Order

trigger Protoss - Winner!

Build Orders: 1 Gate Expand, Oracle Opening 

Get SALT Encoding   

  12  0:00  Probe  
  13  0:12  Probe  
  14  0:19  Pylon  
  14  0:24  Probe  
  15  0:37  Probe (Chrono Boost)  
  15  0:39  Gateway  
  16  0:46  Probe (Chrono Boost)  
  16  0:47  Assimilator  
  17  0:52  Probe  
  18  1:04  Probe  
  19  1:16  Probe  
  20  1:24  Nexus  
  20  1:29  Probe  
  21  1:39  Cybernetics Core  
  21  1:43  Assimilator  
  22  1:47  Probe  
  22  1:54  Pylon  
  22  1:59  Probe  
  23  2:12  Probe (Chrono Boost)  
  24  2:16  Stargate  
  24  2:17  Adept  
  26  2:23  Warp Gate  
  26  2:24  Probe (Chrono Boost)  
  27  2:31  Probe (Chrono Boost)  
  29  2:37  Probe (Chrono Boost)  
  30  2:44  Probe (Chrono Boost)  
  30  2:46  Probe (Chrono Boost)  
  30  2:47  Adept  
  30  2:51  Probe x2 (Chrono Boost)  
  35  2:59  Oracle (Chrono Boost)  
  35  3:02  Probe  
  35  3:04  Probe  
  40  3:15  Probe, Pylon  
  40  3:16  Probe  
  42  3:26  Oracle (Chrono Boost)  
  43  3:27  Probe  
  46  3:35  Probe  
  46  3:37  Nexus  
  46  3:40  Probe  
  48  3:41  Pylon  
  48  3:47  Probe  
  49  3:53  Oracle (Chrono Boost)  
  52  4:01  Probe  
  52  4:02  Gateway  
  53  4:03  Probe  
  53  4:06  Assimilator  
  54  4:12  Adept  
  54  4:13  Probe  
  54  4:14  Assimilator  
  54  4:15  Pylon  
  58  4:17  Probe  
  58  4:21  Twilight Council  
  58  4:22  Forge  
  58  4:30  Probe  
  59  4:32  Probe  
  59  4:38  Gateway  
  60  4:40  Gateway  
  60  4:42  Probe (Chrono Boost)  
  60  4:44  Probe (Chrono Boost)  
  62  4:45  Protoss Ground Weapons Level 1  
  64  4:53  Probe x2 (Chrono Boost)  
  64  4:54  Stalker  
  64  4:55  Blink (Chrono Boost)  
  64  4:56  Probe (Chrono Boost)  
  64  4:57  Probe (Chrono Boost)  
  64  4:58  Probe (Chrono Boost)  
  69  5:08  Probe  
  69  5:10  Stalker  
  69  5:13  Probe  
  73  5:19  Robotics Facility, Probe  
  70  5:21  Gateway  
  70  5:24  Probe  
  71  5:34  Stalker x2  
  71  5:35  Probe  
  76  5:38  Stalker  
  76  5:39  Gateway  
  76  5:40  Gateway  
  76  5:41  Probe, Stalker  
  81  5:43  Pylon  
  81  5:46  Probe  
  81  5:47  Probe  
  83  5:53  Probe  
  83  5:54  Shield Battery  
  84  5:58  Pylon  
  84  6:00  Gateway  
  84  6:02  Pylon  
  84  6:07  Observer (Chrono Boost)  
  85  6:11  Assimilator  
  85  6:16  Probe  
  85  6:17  Gateway  
  86  6:19  Stalker x3  
  86  6:20  Gateway  
  86  6:21  Stalker  
  86  6:23  Warp Prism  
  96  6:29  Probe  
  96  6:32  Pylon  
  97  6:35  Stalker x2  
  101  6:46  Pylon  
  101  6:47  Pylon  
  101  6:54  Stalker x4  
  109  7:07  Pylon  
  109  7:10  Stalker x4  
  117  7:15  Pylon  
  117  7:21  Stalker x4  
  125  7:33  Stalker x4  
  130  7:37  Pylon  
  126  7:52  Stalker x2  
  126  7:55  Stalker x2  
  126  7:57  Stalker x3  
  130  8:07  Stalker  
  118  8:17  Stalker x2  
  114  8:24  Stalker  
  114  8:25  Stalker x4  
Tags
 
Add a new tag
Caveats
  • Supply blocks, unpowered buildings, or Contaminate may cause inaccurate times.
  • Supply counts are checked every 10 seconds.